 Dungeon Crawl Stone Soup version 0.23.1 (webtiles) character file.

Game seed: 13044776049860829646

99 Borgoz the Skirmisher (level 4, -3/40 HPs)
             Began as a Ghoul Monk on Mar 18, 2019.
             Slain by a gnoll
             ... wielding a +0 halberd
              (7 damage)
             ... on level 2 of the Dungeon.
             The game lasted 00:03:44 (2112 turns).

Borgoz the Skirmisher (Ghoul Monk)                  Turns: 2112, Time: 00:03:45

Health: -3/40      AC:  3    Str: 14    XL:     4   Next: 72%
Magic:  3/3        EV: 12    Int:  5    God:
Gold:   92         SH:  0    Dex: 12    Spells: 3/3 levels left

rFire    . . .     SeeInvis .   a - +0 short sword
rCold    + . .     Gourm    .   (no shield)
rNeg     + + +     Faith    .   h - +0 leather armour (curse)
rPois    ∞         Spirit   .   (no helmet)
rElec    .         Reflect  .   (no cloak)
rCorr    .         Harm     .   (no gloves)
MR       .....                  (no boots)
Stlth    ++........             (no amulet)
HPRegen  0.00/turn              (no ring)
MPRegen  0.08/turn              (no ring)

@: rotting
A: rotting body, claws 1, carnivore, cold resistance 1, negative energy
resistance 3, inhibited regeneration, torment resistance, unbreathing
a: no special abilities


You were on level 2 of the Dungeon.
You were not hungry.

You visited 1 branch of the dungeon, and saw 2 of its levels.

You collected 92 gold pieces.

Inventory:

Hand Weapons
 a - a +0 short sword (weapon)
Armour
 h - a cursed +0 leather armour (worn)
Scrolls
 b - a scroll of fog {unknown}
 e - a scroll of magic mapping {unknown}
 f - 5 scrolls of identify {unknown}
 i - 4 scrolls of teleportation {unknown}
 k - a scroll of amnesia {unknown}
Potions
 g - 2 potions of brilliance {unknown}
 j - 3 potions of curing {unknown}
 l - 2 potions of lignification {unknown}
 m - a potion of resistance {unknown}
 o - a potion of mutation {unknown}
 p - a potion of invisibility {unknown}
Comestibles
 c - 2 rations


   Skills:
 + Level 3.8 Fighting
 + Level 3.7 Short Blades
 + Level 1.3 Armour
 + Level 3.1 Dodging
 + Level 2.4 Stealth


You had 3 spell levels left.
You didn't know any spells.
Your spell library was empty.

Dungeon Overview and Level Annotations

Branches:
Dungeon (2/15)

Altars:


Innate Abilities, Weirdness & Mutations

Your body is rotting away.
You thrive on raw meat.
You are immune to poison.
You have sharp fingernails.
You are carnivorous and can eat meat at any time.
Your flesh is cold resistant. (rC+)
You are immune to negative energy. (rN+++)
You do not regenerate when monsters are visible.
You are immune to unholy pain and torment.
You can survive without breathing.


Message History

There is a stone staircase leading up here.
The gnoll hits you with a +0 spear.
You closely miss the gnoll. The gnoll misses you.
You barely miss the gnoll. The gnoll hits you with a +0 spear!
You hit the gnoll.
The gnoll is lightly wounded.
The gnoll hits you from afar with a +0 halberd.
The gnoll hits you but does no damage.
You are too injured to fight recklessly!
You hit the gnoll but do no damage.
The gnoll is lightly wounded.
The gnoll hits you with a +0 spear.
The gnoll hits you from afar with a +0 halberd.
* * * LOW HITPOINT WARNING * * *
You hit the gnoll.
The gnoll is moderately wounded.
The gnoll hits you with a +0 spear.
* * * LOW HITPOINT WARNING * * *
The gnoll hits you from afar with a +0 halberd!
You die...

##########.#
#.###....##### #
#..##....#
######.##....#
#............#
#....#.##....# ####
#.......#....# .(.#
#...g<.g#....# #.##
#....##......# #.#
#########.#<@g..)....#
#.#
#........)#.####..#..#
#.# #.........#.......#
## #.#
#..............#.>#
#.###..............#.##
#.#..............(.#.#
#.#.#######........#.#
#.#.# #..............#
..#.# #.##############


You could see 2 gnolls.

Vanquished Creatures
  A worker ant (D:2)
  2 gnolls (D:1)
  An ooze (D:2)
  2 dart slugs (D:1)
  8 bats
  9 goblins
  5 hobgoblins
  6 jackals
  A ball python (D:1)
  3 frilled lizards
  3 kobolds (D:1)
  5 rats
46 creatures vanquished.

Notes
Turn   | Place    | Note
-------+----------+-------------------------------------------
     0 | D:1      | Borgoz the Ghoul Monk began the quest for the Orb.
     0 | D:1      | Reached XP level 1. HP: 19/19 MP: 0/0
   109 | D:1      | Reached XP level 2. HP: 7/26 MP: 1/1
   355 | D:1      | Reached XP level 3. HP: 18/31 MP: 2/2
  1316 | D:2      | Reached skill level 1 in Armour
  1316 | D:2      | Reached XP level 4. HP: 24/40 MP: 3/3
  1651 | D:2      | HP: 2/40 [gnoll/+0 halberd (12)]
  2112 | D:2      | Slain by a gnoll

Skill      XL: |  1  2  3 |
---------------+----------+-----
Short Blades   | 3 |  3.7
Armour         | 1 |  1.3
Dodging        | 3 |  3.1
Fighting       | |  3.8
Stealth        | |  2.4

Action                   |  1- 3 |  4- 6 || total
-------------------------+-------+-------++-------
Melee: Short sword       |   184 |    35 ||   219
  Use: Potion            |       |     1 ||     1
 Stab: Sleeping          |     2 |       ||     2
  Eat: Chunk             |    11 |     7 ||    18
Armor: Robe              |     8 |       ||     8
       Leather armour    |    51 |     5 ||    56
Dodge: Dodged            |   140 |    31 ||   171
